Map: Backcountry

Players

Tzeentch

  • Race: Protoss Protoss
  • Spawn Location: 9:00

Grumm

  • Race: Terran Terran
  • League: Gold
  • Spawn Location: 11:00

Oaklandzerg

  • Race: Protoss Protoss
  • Spawn Location: 11:00

RickRoss - Winner!

  • Race: Protoss Protoss
  • Spawn Location: 5:00

SilverFenyx - Winner!

  • Race: Protoss Protoss
  • Spawn Location: 5:00

FrostKnight - Winner!

  • Race: Terran Terran
  • Spawn Location: 5:00

VOD

Have the link to the VOD?

Description

Time

  • Played on: Feb. 1, 2016, 11:31 p.m.
  • Length: 12:18
Show
View Real Time Build Order
Export as new Build Order

Tzeentch Protoss 

Build Orders:  

Get SALT Encoding   

  12  0:03  Probe (Chrono Boost)  
  13  0:14  Probe (Chrono Boost)  
  14  0:19  Pylon  
  14  0:24  Probe (Chrono Boost)  
  15  0:35  Assimilator  
  15  0:44  Gateway  
  15  0:46  Probe (Chrono Boost)  
  16  0:56  Probe (Chrono Boost)  
  17  1:07  Probe (Chrono Boost)  
  18  1:17  Probe (Chrono Boost)  
  19  1:28  Probe (Chrono Boost)  
  19  1:32  Cybernetics Core  
  20  1:35  Pylon  
  20  1:38  Probe (Chrono Boost)  
  21  1:49  Probe (Chrono Boost)  
  21  1:52  Assimilator  
  22  1:59  Probe (Chrono Boost)  
  23  2:10  Mothership Core (Chrono Boost), Warp Gate (Chrono Boost)  
  25  2:16  Pylon  
  25  2:18  Adept  
  27  2:38  Forge  
  27  2:41  Gateway  
  27  2:44  Gateway  
  27  2:51  Adept  
  29  3:13  Photon Cannon  
  29  4:08  Adept x3  
  35  4:37  Nexus  
  35  4:38  Pylon  
  35  4:39  Pylon  
  35  5:00  Adept  
  37  5:25  Assimilator  
  37  5:29  Assimilator  
  37  5:31  Pylon  
  37  5:32  Adept x2  
  37  5:33  Adept  
  37  5:35  Pylon  
  43  5:40  Twilight Council  
  43  5:43  Gateway  
  43  5:45  Gateway  
  43  5:46  Gateway  
  43  6:04  Probe  
  43  6:05  Photon Cannon  
  44  6:15  Probe  
  33  7:02  Blink (Chrono Boost)  
  33  7:05  Probe  
  34  7:15  Probe  
  35  7:26  Probe  
  35  7:27  Templar Archives  
  36  7:43  Stalker x2  
  36  7:44  Stalker x3  
  44  7:45  Stalker  
  48  7:52  Probe  
  49  8:02  Probe  
  41  8:13  Probe  
  36  8:23  Probe  
  37  8:39  Adept  
  37  8:50  Pylon  
  37  8:51  Pylon  
  37  8:52  Pylon  
  37  8:59  Probe  
  38  9:11  Probe  
  39  9:25  High Templar  
  39  9:26  High Templar x2  
  39  9:27  High Templar x3  
  51  9:39  Archon x2  
  51  9:40  Archon  
  51  10:04  Pylon  
  51  10:12  High Templar  
  51  10:13  High Templar x3  
  59  10:14  High Templar  
  59  10:15  High Templar  
  59  10:17  Archon  
  59  10:18  Archon  
  63  10:27  Archon  
Show
View Real Time Build Order
Export as new Build Order

Grumm Terran 

Build Orders:  

Get SALT Encoding   

  12  0:01  SCV  
  13  0:13  SCV  
  14  0:25  SCV  
  14  0:26  Supply Depot  
  15  0:34  Refinery  
  15  0:47  SCV  
  15  0:49  Barracks  
  16  0:59  SCV  
  16  1:03  Supply Depot  
  17  1:11  SCV  
  18  1:28  Barracks  
  18  1:31  SCV  
  17  1:59  Marine  
  17  2:11  Refinery  
  17  2:15  Marine  
  18  2:36  Marine  
  19  3:00  SCV  
  19  3:02  Marine x2  
  22  3:12  SCV  
  23  3:14  Engineering Bay  
  23  3:24  SCV  
  24  3:34  Factory  
  24  3:41  Supply Depot x2  
  24  3:45  Marine x2  
  26  3:59  SCV  
  27  4:03  Marine x2  
  29  4:16  Supply Depot  
  29  4:18  Widow Mine  
  29  4:21  Terran Infantry Weapons Level 1  
  31  4:31  Starport  
  31  4:39  Bunker  
  31  4:45  Barracks Reactor  
  31  4:51  Barracks Tech Lab  
  31  5:23  Orbital Command  
  31  5:42  Marine x3  
  34  5:44  Widow Mine  
  34  5:45  Medivac  
  38  6:00  Marine  
  39  6:09  Missile Turret  
  39  6:30  Command Center  
  39  6:40  Barracks  
  39  6:45  Widow Mine  
  41  7:10  SCV  
  41  7:11  Terran Infantry Armor Level 1  
  41  7:13  Widow Mine, Marine x2  
  46  7:16  Combat Shields  
  46  7:22  SCV  
  47  7:34  SCV  
  48  7:41  Medivac  
  48  7:42  Marine x3  
  53  7:56  SCV  
  54  7:59  Orbital Command  
  54  8:00  Marine  
  40  8:47  SCV  
  40  8:48  SCV  
  42  9:00  SCV x2  
  41  9:10  Widow Mine, Marine x3  
  41  9:32  Marine  
  39  9:39  Widow Mine  
  39  9:42  SCV x2  
  39  9:44  Marine x2  
  39  9:45  Marine  
  46  9:49  Marine  
  46  9:54  SCV  
  46  9:55  SCV  
  45  10:02  Marine  
  45  10:06  SCV  
  48  10:07  Widow Mine, Marine  
  47  10:14  Marine x2  
  47  10:20  Marine  
  50  10:25  Marine  
  46  11:06  Widow Mine, Marine  
  46  11:08  Marine  
  46  11:10  Missile Turret, Marine  
  46  11:11  Marine  
  25  12:02  Missile Turret  
Show
View Real Time Build Order
Export as new Build Order

Oaklandzerg Protoss 

Build Orders: Cannon Rush 

Get SALT Encoding   

  12  0:03  Probe (Chrono Boost)  
  13  0:14  Pylon  
  13  0:20  Probe (Chrono Boost)  
  14  0:30  Probe (Chrono Boost)  
  15  0:36  Forge  
  15  0:41  Probe (Chrono Boost)  
  16  1:06  Pylon  
  16  1:17  Pylon  
  16  1:27  Photon Cannon  
  16  1:32  Photon Cannon  
  15  1:41  Photon Cannon  
  15  1:46  Probe (Chrono Boost)  
  16  1:48  Pylon  
  16  2:08  Photon Cannon  
  16  2:09  Photon Cannon  
  16  2:10  Photon Cannon  
  16  2:14  Probe (Chrono Boost)  
  16  2:15  Pylon  
  17  2:25  Probe (Chrono Boost)  
  18  2:35  Photon Cannon  
  18  2:37  Photon Cannon  
  18  2:48  Probe (Chrono Boost)  
  19  2:53  Gateway  
  19  2:54  Assimilator  
  19  2:59  Probe (Chrono Boost)  
  20  3:05  Assimilator  
  20  3:09  Probe (Chrono Boost)  
  20  3:12  Pylon  
  22  3:20  Probe (Chrono Boost)  
  22  3:33  Probe (Chrono Boost)  
  23  3:35  Pylon  
  23  3:43  Probe (Chrono Boost)  
  23  3:47  Cybernetics Core  
  24  4:03  Probe (Chrono Boost)  
  24  4:09  Gateway  
  25  4:10  Pylon  
  25  4:34  Twilight Council  
  25  4:37  Pylon  
  25  4:42  Probe (Chrono Boost), Warp Gate (Chrono Boost)  
  26  4:47  Pylon  
  26  4:48  Gateway  
  28  4:53  Mothership Core (Chrono Boost)  
  28  5:00  Pylon  
  28  5:19  Dark Shrine  
  28  5:21  Robotics Facility  
  27  5:32  Probe (Chrono Boost)  
  28  5:43  Probe (Chrono Boost)  
  28  5:49  Nexus  
  29  5:59  Assimilator  
  29  6:08  Warp Prism (Chrono Boost)  
  31  6:18  Assimilator  
  31  6:19  Probe  
  31  6:20  Pylon  
  32  6:29  Pylon  
  32  6:31  Probe  
  33  6:49  Observer (Chrono Boost)  
  33  6:54  Photon Cannon  
  34  7:11  Dark Templar  
  36  7:16  Dark Templar x2  
  38  7:54  Probe  
  35  8:04  Pylon, Probe  
  35  8:09  Photon Cannon  
  35  8:15  Probe  
  35  8:19  Dark Templar x3  
  38  8:25  Probe  
  39  8:33  Pylon  
  32  8:36  Probe, Photon Cannon  
  33  8:48  Probe  
  33  8:49  Photon Cannon  
  33  8:54  Dark Templar x2  
  38  8:59  Probe  
  39  9:09  Probe  
  39  9:10  Probe  
  37  9:20  Probe  
  38  9:27  Dark Templar  
  38  9:29  Zealot x2  
  38  9:30  Probe  
  41  9:52  Dark Templar x2  
  43  9:56  Pylon  
  43  10:36  Probe  
  43  10:38  Dark Templar x3  
  50  10:43  Probe  
  45  10:53  Immortal (Chrono Boost)  
  45  10:54  Probe  
Show
View Real Time Build Order
Export as new Build Order

RickRoss Protoss - Winner!

Build Orders: Cannon Rush 

Get SALT Encoding   

  12  0:17  Pylon  
  12  0:37  Forge  
  12  0:53  Pylon  
  12  1:15  Photon Cannon  
  12  1:19  Photon Cannon  
  12  1:27  Photon Cannon  
  12  1:38  Pylon  
  12  1:51  Probe (Chrono Boost)  
  12  2:00  Photon Cannon  
  12  2:01  Probe (Chrono Boost)  
  13  2:14  Photon Cannon  
  12  2:56  Gateway  
  12  2:58  Assimilator  
  12  3:14  Probe (Chrono Boost)  
  12  3:19  Nexus  
  13  3:45  Pylon  
  13  3:51  Cybernetics Core  
  13  3:54  Probe (Chrono Boost)  
  14  4:04  Probe (Chrono Boost)  
  14  4:06  Photon Cannon  
  15  4:17  Assimilator  
  15  4:33  Probe x2 (Chrono Boost)  
  17  4:43  Mothership Core (Chrono Boost)  
  20  4:45  Probe (Chrono Boost)  
  20  4:56  Probe (Chrono Boost)  
  21  5:02  Probe (Chrono Boost)  
  21  5:06  Probe (Chrono Boost)  
  23  5:10  Pylon  
  23  5:12  Probe (Chrono Boost)  
  23  5:13  Assimilator  
  24  5:27  Pylon  
  24  5:40  Stargate  
  24  5:52  Pylon  
  24  5:55  Assimilator  
  24  6:00  Warp Gate (Chrono Boost)  
  24  6:01  Stargate  
  24  6:10  Photon Cannon  
  28  6:44  Oracle (Chrono Boost)  
  28  6:45  Oracle (Chrono Boost)  
  30  6:47  Probe (Chrono Boost)  
  31  6:58  Probe (Chrono Boost)  
  32  7:01  Photon Cannon  
  32  7:09  Probe (Chrono Boost)  
  32  7:15  Stargate  
  34  7:17  Probe (Chrono Boost)  
  34  7:19  Probe (Chrono Boost)  
  32  7:43  Photon Cannon  
  32  7:56  Void Ray  
  36  8:08  Probe (Chrono Boost)  
  36  8:10  Probe (Chrono Boost)  
  38  8:19  Probe (Chrono Boost)  
  36  8:22  Probe (Chrono Boost)  
  37  8:36  Void Ray  
  38  8:49  Void Ray  
  42  9:12  Void Ray  
  46  9:37  Nexus  
  46  9:56  Void Ray  
  50  10:12  Void Ray  
  54  10:34  Void Ray  
  58  10:45  Probe (Chrono Boost)  
  58  10:47  Probe (Chrono Boost)  
  60  10:51  Void Ray  
  52  11:23  Void Ray x2  
Show
View Real Time Build Order
Export as new Build Order

SilverFenyx Protoss - Winner!

Build Orders:  

Get SALT Encoding   

  12  0:02  Probe (Chrono Boost)  
  13  0:12  Probe (Chrono Boost)  
  14  0:18  Pylon  
  14  0:23  Probe (Chrono Boost)  
  15  0:36  Probe (Chrono Boost)  
  16  0:44  Gateway  
  16  0:48  Probe (Chrono Boost)  
  17  0:52  Assimilator  
  17  0:59  Probe (Chrono Boost)  
  18  1:06  Pylon  
  18  1:41  Zealot  
  20  1:52  Assimilator  
  20  1:53  Nexus  
  20  2:06  Probe (Chrono Boost)  
  21  2:13  Zealot  
  23  2:16  Probe (Chrono Boost)  
  24  2:30  Cybernetics Core  
  24  2:54  Probe (Chrono Boost)  
  25  3:00  Gateway  
  25  3:03  Pylon  
  25  3:04  Probe (Chrono Boost)  
  26  3:07  Probe (Chrono Boost)  
  27  3:15  Probe (Chrono Boost)  
  27  3:17  Probe (Chrono Boost)  
  29  3:25  Probe (Chrono Boost)  
  30  3:28  Probe (Chrono Boost)  
  31  3:36  Probe (Chrono Boost)  
  31  3:38  Probe (Chrono Boost)  
  31  3:39  Warp Gate  
  33  3:45  Gateway  
  33  3:52  Forge, Probe (Chrono Boost)  
  34  3:57  Stalker  
  34  4:00  Probe (Chrono Boost)  
  37  4:06  Assimilator  
  37  4:09  Stalker  
  39  4:13  Probe (Chrono Boost)  
  39  4:16  Probe (Chrono Boost)  
  41  4:25  Protoss Ground Weapons Level 1  
  41  4:31  Probe (Chrono Boost)  
  42  4:32  Probe (Chrono Boost)  
  43  4:41  Probe (Chrono Boost)  
  44  5:06  Stalker x3  
  50  5:18  Probe x2 (Chrono Boost)  
  52  5:26  Robotics Facility  
  53  5:28  Probe x2 (Chrono Boost)  
  53  5:29  Pylon  
  53  5:30  Twilight Council  
  53  5:31  Pylon  
  54  5:47  Probe x2 (Chrono Boost), Stalker x3  
  62  5:50  Pylon  
  62  5:55  Pylon  
  62  5:58  Probe x2 (Chrono Boost)  
  64  6:10  Blink  
  64  6:11  Gateway  
  64  6:12  Pylon  
  64  6:16  Pylon  
  64  6:19  Protoss Ground Weapons Level 2  
  64  6:24  Nexus  
  64  6:31  Pylon  
  58  7:03  Gateway  
  58  7:05  Observer  
  58  7:08  Pylon x2  
  59  7:10  Stalker x3  
  59  7:11  Stalker  
  59  7:13  Probe x2 (Chrono Boost)  
  69  7:24  Probe x2 (Chrono Boost)  
  71  7:34  Probe (Chrono Boost)  
  72  7:44  Stalker x2  
  74  7:45  Stalker  
  74  7:46  Stalker  
  80  8:05  Assimilator  
  80  8:07  Probe (Chrono Boost)  
  80  8:10  Assimilator  
  81  8:14  Assimilator  
  81  8:17  Stalker  
  81  8:18  Probe (Chrono Boost), Stalker x2  
  88  8:20  Stalker  
  88  8:25  Charge  
  90  8:28  Gateway, Probe (Chrono Boost)  
  90  8:32  Gateway  
  90  8:33  Pylon  
  91  8:35  Pylon  
  91  8:36  Immortal  
  91  8:37  Probe x2 (Chrono Boost)  
  91  8:39  Probe (Chrono Boost)  
  98  8:47  Probe (Chrono Boost)  
  98  8:48  Stalker x2  
  103  8:49  Probe (Chrono Boost), Sentry  
  106  9:06  Templar Archives  
  106  9:15  Immortal  
  110  9:27  Sentry  
  110  9:28  Zealot  
  110  9:29  Zealot x3  
  120  9:50  Stalker x2  
  120  9:51  Stalker x3  
  130  9:54  Immortal  
  130  9:56  Gateway  
  130  9:58  Gateway  
  134  10:01  Gateway  
  134  10:02  Probe x2 (Chrono Boost)  
  136  10:16  Stalker  
  136  10:17  Stalker, Sentry x2  
  136  10:19  High Templar x2, Stalker  
  112  11:02  Stalker x4  
  112  11:03  Stalker  
  120  11:04  Stalker x2  
  122  11:37  Stalker x2  
  122  11:38  Stalker x5  
  136  11:56  Archon  
  134  12:07  Stalker x5  
  134  12:08  Stalker x2  
Show
View Real Time Build Order
Export as new Build Order

FrostKnight Terran - Winner!

Build Orders: MMM Bio 

Get SALT Encoding   

  12  0:04  SCV  
  13  0:16  SCV  
  13  0:20  Supply Depot  
  14  0:28  SCV  
  15  0:41  SCV  
  16  0:53  SCV  
  17  1:05  SCV  
  17  1:09  Barracks  
  17  1:10  Barracks  
  18  1:18  SCV  
  19  1:30  SCV  
  20  1:42  SCV  
  22  1:54  SCV  
  22  1:58  Marine  
  22  1:59  Barracks  
  23  2:07  Orbital Command, Supply Depot, Barracks  
  23  2:28  Marine x2  
  25  2:46  Marine x2, Barracks  
  25  2:47  Marine  
  28  2:55  Supply Depot  
  28  2:57  Refinery, SCV  
  29  3:01  Marine  
  29  3:04  Marine  
  31  3:16  Marine x2  
  31  3:19  Marine  
  31  3:29  Marine  
  30  3:34  Marine x2  
  30  3:37  Marine  
  32  3:44  SCV  
  32  3:49  Command Center  
  28  4:12  SCV  
  28  4:16  Supply Depot  
  29  4:21  Engineering Bay  
  29  4:37  SCV  
  30  4:40  Refinery  
  30  4:49  SCV  
  30  4:51  Supply Depot, Terran Infantry Weapons Level 1  
  31  4:56  Marine  
  31  4:57  Marine x3  
  35  5:05  Barracks Tech Lab  
  33  5:16  SCV  
  33  5:18  Supply Depot  
  34  5:47  SCV  
  34  5:48  Supply Depot  
  35  5:51  Marine x3  
  35  5:53  Barracks Tech Lab  
  35  5:55  Marauder  
  35  5:57  Stimpack  
  40  5:59  SCV  
  40  6:01  Orbital Command  
  41  6:13  SCV  
  41  6:15  Factory  
  41  6:18  Engineering Bay  
  42  6:25  SCV  
  43  6:26  Missile Turret  
  43  6:29  SCV  
  43  6:31  Marauder, Marine  
  47  6:34  Marine  
  47  6:35  Marauder, Marine  
  47  6:37  Combat Shields  
  51  6:48  Marine  
  51  6:49  Missile Turret  
  51  6:53  Marauder  
  54  7:00  Armory  
  54  7:01  Supply Depot  
  54  7:02  SCV  
  54  7:07  Marine x4  
  59  7:08  Command Center  
  59  7:10  Missile Turret  
  59  7:14  Marauder  
  61  7:16  SCV  
  62  7:25  Marine x3  
  62  7:26  Marauder  
  67  7:31  Terran Infantry Armor Level 1  
  67  7:34  Supply Depot  
  67  7:35  Marine  
  67  7:36  SCV  
  69  7:42  Marine  
  69  7:43  Marine  
  71  7:47  Marauder  
  73  7:51  Marine  
  73  7:53  Marine  
  75  8:00  Marine x2  
  75  8:04  SCV  
  78  8:08  Marauder  
  78  8:09  Marine  
  78  8:11  Marauder  
  81  8:17  SCV  
  81  8:18  Marine x2  
  74  8:27  Marine  
  74  8:29  Marine  
  74  8:32  Marine  
  63  8:36  Marine x2  
  62  8:45  Orbital Command, Marine  
  62  8:48  Marauder, SCV x2  
  67  8:50  Marine  
  67  8:54  Marine x2  
  70  8:58  Barracks  
  70  9:00  SCV  
  71  9:02  Marine  
  71  9:08  Marauder, Marine  
  67  9:12  Marine x2  
  63  9:20  Terran Infantry Weapons Level 2  
  63  9:28  Marine x2, SCV  
  63  9:29  Marine  
  63  9:30  Marine x2  
  69  9:43  SCV  
  64  9:47  Marauder  
  64  9:49  Starport  
  64  9:50  Supply Depot  
  64  9:52  Factory Reactor  
  64  9:53  Terran Infantry Armor Level 2  
  62  10:00  Refinery  
  62  10:03  Refinery  
  62  10:06  Marine x3  
  62  10:07  Marauder  
  62  10:08  Marauder  
  62  10:10  Concussive Shells  
  61  10:14  Marine  
  60  10:24  Marine x2, Barracks  
  61  10:39  Marine x2  
  61  10:40  Marauder x2  
  61  10:42  Marine  
  68  10:46  Marine  
  69  10:57  SCV  
  70  11:05  SCV  
  70  11:07  Marine x4  
  70  11:08  Marauder x2  
  79  11:16  Missile Turret  
  79  11:20  Medivac  
  79  11:21  Medivac  
  79  11:24  Marine  
  84  11:29  Marauder x2, Marine  
  84  11:30  Marine x2  
  91  11:33  Marine  
  91  11:34  SCV  
  91  11:35  SCV x2  
  95  11:42  Marine  
  95  11:45  Missile Turret  
  96  11:48  Marine  
  96  11:49  Marine x2  
  96  11:50  Marauder  
  96  11:51  Marauder  
  96  11:52  Marine  
  108  11:54  SCV x2  
  108  11:55  SCV  
Tags
 
Add a new tag
Caveats
  • Supply blocks, unpowered buildings, or Contaminate may cause inaccurate times.
  • Supply counts are checked every 10 seconds.